[Event "Sydney Open 2019"]
[Site "Sydney"]
[Date "2019.04.24"]
[Round "1.1"]
[White "McGowan, Cameron"]
[Black "Kunte, Abhijit"]
[Result "0-1"]
[ECO "B22"]
[WhiteElo "2085"]
[BlackElo "2485"]
[Annotator "ChessBase"]
[PlyCount "64"]
[EventDate "2019.04.24"]
[EventType "swiss"]
[EventCountry "AUS"]
[SourceTitle "playchess.com"]
[Source "ChessBase"]
[SourceQuality "1"]
[TimeControl "5400+30"]

1. e4 c5 2. Nf3 e6 3. c3 Nf6 4. e5 Nd5 5. Bc4 d6 6. d4 cxd4 7. cxd4 Be7 8. O-O O-O 9. Qe2 b6 10. Nc3 Nxc3 11. bxc3 Bb7 12. Bf4 Qc7 13. exd6 Bxd6 14. Bxd6 Qxd6 15. Ne5 Nd7 16. f4 Rac8 17. Rac1 Rc7 18. Bd3 g6 19. Ng4 Rxc3 20. Qe3 Rxc1 21. Rxc1 h5 22. Ne5 Rc8 23. Rxc8+ Bxc8 24. f5 exf5 25. Bxf5 Nxe5 26. Bxc8 Nc6 27. d5 Ne7 28. Bb7 Nxd5 29. Qd4 Qe7 30. Ba6 Qe1+ 31. Bf1 Ne3 32. Qd8+ Kh7 0-1

[Event "Sydney Open 2019"]
[Site "Sydney"]
[Date "2019.04.24"]
[Round "2.1"]
[White "Kunte, Abhijit"]
[Black "Steadman, Michael V R"]
[Result "1-0"]
[ECO "E65"]
[WhiteElo "2485"]
[BlackElo "2258"]
[Annotator "ChessBase"]
[PlyCount "61"]
[EventDate "2019.04.24"]
[EventType "swiss"]
[EventCountry "AUS"]
[SourceTitle "playchess.com"]
[Source "ChessBase"]
[SourceQuality "1"]
[TimeControl "5400+30"]

1. d4 Nf6 2. Nf3 g6 3. g3 Bg7 4. Bg2 O-O 5. O-O d6 6. c4 c5 7. Nc3 a6 8. h3 Nc6 9. dxc5 dxc5 10. Be3 Qa5 11. Nd2 Nd4 12. Nd5 Nxd5 13. cxd5 Nf5 14. Bf4 b5 15. e4 Nd4 16. e5 Bb7 17. Nb3 Nxb3 18. axb3 Qb6 19. Qe2 a5 20. Qe3 Rfd8 21. Rfd1 Ra6 22. Rac1 Rc8 23. e6 Qa7 24. d6 Bxg2 25. d7 Rd8 26. Qxc5 Qa8 27. Qc8 Bb7 28. Qxd8+ Qxd8 29. Bc7 Ra8 30. Bxd8 Rxd8 31. Rc7 1-0

[Event "Sydney Open 2019"]
[Site "Sydney"]
[Date "2019.04.24"]
[Round "2.4"]
[White "Gong, Daniel Hanwen"]
[Black "Dale, Ari"]
[Result "1/2-1/2"]
[ECO "B03"]
[WhiteElo "2246"]
[BlackElo "2372"]
[Annotator "ChessBase"]
[PlyCount "73"]
[EventDate "2019.04.24"]
[EventType "swiss"]
[EventCountry "AUS"]
[SourceTitle "playchess.com"]
[Source "ChessBase"]
[SourceQuality "1"]
[TimeControl "5400+30"]

1. e4 Nf6 2. e5 Nd5 3. d4 d6 4. c4 Nb6 5. exd6 exd6 6. Nc3 Nc6 7. Be3 Be7 8. Bd3 O-O 9. Nge2 Nb4 10. b3 Nxd3+ 11. Qxd3 c6 12. O-O d5 13. c5 Nd7 14. b4 Re8 15. b5 Nf6 16. Ng3 b6 17. bxc6 Qc7 18. cxb6 Qxc6 19. Rfc1 Qxb6 20. Rab1 Qa5 21. Nb5 Ba6 22. Qd2 Qxd2 23. Bxd2 Bxb5 24. Rxb5 Bf8 25. Rb7 Re7 26. Rxe7 Bxe7 27. Nf5 Bd8 28. Bf4 Nd7 29. Ne3 Bf6 30. Nxd5 Bxd4 31. Ne7+ Kf8 32. Nc6 Bb6 33. Bd6+ Kg8 34. Nb8 Nc5 35. a4 h6 36. a5 Ne4 37. axb6 1/2-1/2

[Event "Sydney Open 2019"]
[Site "Sydney"]
[Date "2019.04.24"]
[Round "2.6"]
[White "McClymont, Brodie"]
[Black "Winkelman, Albert"]
[Result "1-0"]
[ECO "B35"]
[WhiteElo "2360"]
[BlackElo "2212"]
[Annotator "ChessBase"]
[PlyCount "105"]
[EventDate "2019.04.24"]
[EventType "swiss"]
[EventCountry "AUS"]
[SourceTitle "playchess.com"]
[Source "ChessBase"]
[SourceQuality "1"]
[TimeControl "5400+30"]

1. e4 c5 2. Nf3 Nc6 3. d4 cxd4 4. Nxd4 g6 5. Nc3 Bg7 6. Be3 Nf6 7. Bc4 Qa5 8. O-O O-O 9. Bb3 d6 10. h3 Bd7 11. Re1 Rac8 12. Nd5 Nxd5 13. exd5 Ne5 14. Qe2 Qc7 15. c3 Rfe8 16. a4 Nc4 17. Nb5 Bxb5 18. axb5 Nxe3 19. Qxe3 b6 20. Ra4 Qd7 21. Qe2 Rc5 22. Re4 Bf6 23. c4 Kf8 24. Bd1 e5 25. h4 Bg7 26. h5 f5 27. Rh4 Rcc8 28. hxg6 hxg6 29. g4 Qe7 30. Rh2 Qg5 31. Rg2 f4 32. Bc2 Kf7 33. Ra1 Rc7 34. Rh2 f3 35. Qxf3+ Qf4 36. Qe4 Qxe4 37. Bxe4 Rh8 38. Rxh8 Bxh8 39. g5 Bg7 40. b3 Bf8 41. Kg2 Be7 42. Rh1 Kg8 43. Rh6 Bxg5 44. Rxg6+ Rg7 45. Re6 Be7+ 46. Bg6 Bf8 47. Kf3 a6 48. bxa6 Ra7 49. Bd3 Rxa6 50. c5 Ra3 51. cxd6 Ra7 52. Bb5 Kf7 53. Be8+ 1-0

[Event "Sydney Open 2019"]
[Site "Sydney"]
[Date "2019.04.25"]
[Round "3.6"]
[White "Xie, George Wendi"]
[Black "Hu, Jason"]
[Result "1-0"]
[ECO "D11"]
[WhiteElo "2359"]
[BlackElo "2132"]
[Annotator "RC"]
[PlyCount "69"]
[EventDate "2019.04.24"]
[EventType "swiss"]
[EventCountry "AUS"]
[SourceTitle "playchess.com"]
[Source "ChessBase"]
[SourceQuality "1"]
[TimeControl "5400+30"]

1. d4 d5 2. c4 e6 3. Nf3 Nf6 4. Qb3 c6 5. Bg5 Nbd7 6. Nbd2 h6 7. Bh4 Be7 8. e3 O-O 9. Bd3 b6 10. O-O c5 11. Rac1 cxd4 12. exd4 dxc4 13. Nxc4 Bb7 14. Bb1 Ne4 15. Na5 Bd5 16. Bxe7 Qxe7 17. Nc6 Qd6 18. Qa4 a6 19. Nce5 b5 20. Qc2 Nef6 21. Rfe1 Bxf3 22. Nxf3 Nb6 23. Qc5 Rfd8 24. Kf1 g6 25. Ne5 Qxd4 26. Qe7 Rf8 27. Qxf6 Nd5 28. Qf3 Qxb2 29. Qd3 a5 30. Rc2 Qa1 31. Rc5 b4 32. Nxg6 Rfd8 33. Ne5 Nf6 34. Qg3+ Kf8 35. Rc7 1-0

[Event "Sydney Open 2019"]
[Site "Sydney"]
[Date "2019.04.27"]
[Round "7.1"]
[White "Kunte, Abhijit"]
[Black "Lane, Gary W"]
[Result "1/2-1/2"]
[WhiteElo "2485"]
[BlackElo "2357"]
[PlyCount "39"]
[EventDate "2019.04.24"]
[EventType "swiss"]
[EventCountry "AUS"]
[TimeControl "5400+30"]
[WhiteClock "0:37:14"]
[BlackClock "0:52:11"]

1. Nf3 d5 2. c4 d4 3. g3 Nc6 4. Bg2 e5 5. d3 Bb4+ 6. Bd2 a5 7. O-O Nf6 8. Na3 O-O 9. Nc2 Bc5 10. a3 a4 11. Bg5 h6 12. Bxf6 Qxf6 13. Nb4 Ne7 14. Nd2 Qb6 15. Nc2 f5 16. Rb1 Qd6 17. Ra1 Ra7 18. Qc1 Bd7 19. b4 axb3 20. Nxb3 1/2-1/2

[Event "Sydney Open 2019"]
[Site "Sydney"]
[Date "2019.04.27"]
[Round "7.4"]
[White "Steadman, Michael V R"]
[Black "McClymont, Brodie"]
[Result "0-1"]
[WhiteElo "2258"]
[BlackElo "2360"]
[PlyCount "60"]
[EventDate "2019.04.24"]
[EventType "swiss"]
[EventCountry "AUS"]
[TimeControl "5400+30"]
[WhiteClock "0:12:22"]
[BlackClock "0:22:53"]

1. d4 Nf6 2. c4 g6 3. Nc3 Bg7 4. e4 d6 5. Be2 O-O 6. Be3 Na6 7. g4 c5 8. d5 e6 9. h3 exd5 10. exd5 Re8 11. Qc2 b5 12. Nxb5 Nb4 13. Qb1 Nbxd5 14. cxd5 Nxd5 15. Qd3 Bb7 16. Nf3 a6 17. Na3 Bxb2 18. Nc2 Bc3+ 19. Kf1 Bxa1 20. Nxa1 Qf6 21. Kg2 c4 22. Qd2 c3 23. Qd3 Nf4+ 24. Bxf4 Qxf4 25. Bd1 Rac8 26. Nc2 Be4 27. Qd4 Rc4 28. Qb6 h5 29. gxh5 Rc5 30. Re1 Rg5+ 0-1

[Event "Sydney Open 2019"]
[Site "Sydney"]
[Date "2019.04.27"]
[Round "7.5"]
[White "Xie, George Wendi"]
[Black "Gong, Daniel Hanwen"]
[Result "1-0"]
[WhiteElo "2359"]
[BlackElo "2246"]
[PlyCount "83"]
[EventDate "2019.04.24"]
[EventType "swiss"]
[EventCountry "AUS"]
[TimeControl "5400+30"]
[WhiteClock "0:04:13"]
[BlackClock "1:06:14"]

1. d4 Nf6 2. Nc3 d5 3. Bg5 g6 4. Qd2 c6 5. f3 h6 6. Bh4 g5 7. Bg3 Bf5 8. O-O-O Nbd7 9. Qe1 e6 10. e4 Bh7 11. a3 Nb6 12. h4 Nh5 13. Bf2 Be7 14. hxg5 Bxg5+ 15. Kb1 Bg6 16. Nh3 Be7 17. g4 Ng7 18. Nf4 Qc7 19. Nxg6 fxg6 20. exd5 cxd5 21. Bg3 Bd6 22. Nb5 Bxg3 23. Nxc7+ Bxc7 24. Qe3 g5 25. Bb5+ Ke7 26. Rh3 a6 27. Bd3 Raf8 28. Qe2 Rf4 29. c3 Kd7 30. Rdh1 Rf6 31. Qc2 Kc8 32. Bg6 Rhf8 33. Rxh6 Rxf3 34. Rh7 Rf2 35. Qc1 Ne8 36. Bxe8 Rxe8 37. Rh8 Rxh8 38. Rxh8+ Kd7 39. Rh7+ Kc6 40. Qe1 Rf4 41. Qxe6+ Bd6 42. Qe8+ 1-0

[Event "Sydney Open 2019"]
[Site "Sydney"]
[Date "2019.04.27"]
[Round "7.6"]
[White "Solomon, Stephen J"]
[Black "Nakauchi, Gene"]
[Result "1-0"]
[WhiteElo "2338"]
[BlackElo "2221"]
[PlyCount "99"]
[EventDate "2019.04.24"]
[EventType "swiss"]
[EventCountry "AUS"]
[TimeControl "5400+30"]
[WhiteClock "0:00:09"]
[BlackClock "0:00:16"]

1. e4 c5 2. Nf3 e6 3. d4 cxd4 4. Nxd4 a6 5. Nc3 b5 6. Bd3 Bb7 7. O-O Bc5 8. Nb3 Ba7 9. e5 f5 10. exf6 Nxf6 11. Bg5 O-O 12. Qe2 Qc7 13. Rad1 Nc6 14. Be3 Bxe3 15. Qxe3 Nb4 16. a3 Nbd5 17. Nxd5 Nxd5 18. Qc5 Qf4 19. Rde1 d6 20. Qd4 e5 21. Qe4 Rab8 22. Qxh7+ Kf7 23. Qg6+ Ke7 24. g3 Qf6 25. f4 Qxg6 26. Bxg6 Kf6 27. Be4 Ke6 28. Bxd5+ Kxd5 29. fxe5 Rxf1+ 30. Kxf1 Rf8+ 31. Ke2 Re8 32. Kf2 Rxe5 33. Rxe5+ dxe5 34. Ke3 Bc8 35. Nc1 Bf5 36. Nd3 a5 37. b3 Be6 38. h4 Bf5 39. c3 Be6 40. Nb2 Kd6 41. b4 a4 42. c4 Bxc4 43. Nxc4+ bxc4 44. Ke4 Ke6 45. g4 Kf6 46. b5 Ke6 47. h5 Kd6 48. g5 Kc5 49. h6 gxh6 50. gxh6 1-0

[Event "Sydney Open 2019"]
[Site "Sydney"]
[Date "2019.04.27"]
[Round "8.2"]
[White "Lane, Gary W"]
[Black "Song, Raymond"]
[Result "0-1"]
[WhiteElo "2357"]
[BlackElo "2329"]
[PlyCount "82"]
[EventDate "2019.04.24"]
[EventType "swiss"]
[EventCountry "AUS"]
[TimeControl "5400+30"]
[WhiteClock "0:40:26"]
[BlackClock "0:03:44"]

1. e4 e5 2. Nf3 Nc6 3. Bb5 Nf6 4. d3 Bc5 5. c3 O-O 6. O-O d6 7. Nbd2 a6 8. Ba4 b5 9. Bc2 Bb6 10. a4 Be6 11. b4 h6 12. h3 d5 13. Bb2 Qd7 14. Nb3 Rad8 15. exd5 Nxd5 16. Nc5 Bxc5 17. bxc5 Nf4 18. Ne1 e4 19. d4 Bc4 20. Bxe4 Bxf1 21. Kxf1 Ne7 22. Qf3 Neg6 23. g3 Nd5 24. h4 Nge7 25. Bc2 Qh3+ 26. Kg1 f5 27. Bd3 f4 28. Bf1 Qe6 29. Nd3 fxg3 30. Qxg3 Nf5 31. Qh3 Qg6+ 32. Bg2 Nxh4 33. Ne5 Qxg2+ 34. Qxg2 Nxg2 35. Kxg2 Rf5 36. axb5 axb5 37. Ra7 Rdf8 38. f3 Ne3+ 39. Kh2 Rh5+ 40. Kg1 Rg5+ 41. Kh2 Rf4 0-1

[Event "Sydney Open 2019"]
[Site "Sydney"]
[Date "2019.04.27"]
[Round "8.3"]
[White "Fernandez, Daniel Howard"]
[Black "Xie, George Wendi"]
[Result "1-0"]
[WhiteElo "2467"]
[BlackElo "2359"]
[PlyCount "119"]
[EventDate "2019.04.24"]
[EventType "swiss"]
[EventCountry "AUS"]
[TimeControl "5400+30"]
[WhiteClock "0:03:49"]
[BlackClock "1:00:42"]

1. Nf3 e6 2. g3 b5 3. Bg2 Bb7 4. d3 Nf6 5. c4 bxc4 6. dxc4 Bb4+ 7. Kf1 a5 8. Ne5 Qc8 9. Nd3 h6 10. b3 O-O 11. Bb2 Be7 12. Nc3 Bxg2+ 13. Kxg2 Qb7+ 14. f3 d5 15. cxd5 exd5 16. Na4 Nbd7 17. Rc1 Rfe8 18. Re1 Bb4 19. Nxb4 axb4 20. Qc2 Qa6 21. Qd3 Qxd3 22. exd3 Rxe1 23. Rxe1 Nb6 24. Nxb6 cxb6 25. Ra1 Rc8 26. Rc1 Ra8 27. Kh3 Rxa2 28. Rc8+ Kh7 29. Bxf6 gxf6 30. Rc6 Rd2 31. Rxf6 Kg7 32. Rxb6 Rxd3 33. Rxb4 Rxf3 34. Kg4 Rf6 35. Rf4 Rd6 36. Kf5 Re6 37. Rd4 Re2 38. h3 Re3 39. b4 h5 40. Kf4 Rb3 41. Ke5 Rxg3 42. h4 Rb3 43. Kxd5 Kf6 44. Kc5 Ke6 45. b5 Rc3+ 46. Kb4 Rc1 47. b6 f5 48. Rd8 Rb1+ 49. Kc5 Rc1+ 50. Kb5 Rb1+ 51. Kc6 Rc1+ 52. Kb5 Rb1+ 53. Ka6 Ra1+ 54. Kb7 f4 55. Rf8 Ke5 56. Kb8 Ke4 57. b7 Kf3 58. Kc7 Ra7 59. Rg8 Ke2 60. Rg5 1-0

[Event "Sydney Open 2019"]
[Site "Sydney"]
[Date "2019.04.27"]
[Round "8.4"]
[White "Winkelman, Albert"]
[Black "Padmini, Rout"]
[Result "0-1"]
[WhiteElo "2212"]
[BlackElo "2364"]
[PlyCount "176"]
[EventDate "2019.04.24"]
[EventType "swiss"]
[EventCountry "AUS"]
[TimeControl "5400+30"]
[WhiteClock "0:05:29"]
[BlackClock "0:10:00"]

1. e4 e5 2. Nf3 Nc6 3. Bb5 Nf6 4. d3 Bc5 5. c3 O-O 6. O-O d6 7. Re1 Ne7 8. Nbd2 c6 9. Ba4 Ng6 10. Nf1 Bb6 11. Ng3 d5 12. h3 h6 13. exd5 Nxd5 14. d4 exd4 15. Nxd4 Qf6 16. Ne4 Qh4 17. Nd6 Bxd4 18. cxd4 Rd8 19. Nxc8 Raxc8 20. Bc2 Rd6 21. Be3 Rcd8 22. Qe2 Nf8 23. Rad1 Ne6 24. Qd3 Nf6 25. Qb3 b6 26. Qa3 R8d7 27. Bf5 g6 28. Bxe6 Rxe6 29. Rc1 Nd5 30. Qa4 Rde7 31. Rf1 c5 32. Qd1 Rxe3 33. fxe3 Nxe3 34. Qe1 Qg5 35. Qf2 Nxf1 36. Rxf1 cxd4 37. Qxd4 Re2 38. Rf2 Qc1+ 39. Kh2 Qc7+ 40. Kg1 Rxf2 41. Kxf2 h5 42. Kf3 Qe7 43. h4 Qe6 44. a3 Qf5+ 45. Kg3 Kh7 46. Kh2 Qg4 47. Qf6 Qe6 48. Qd4 Qb3 49. Qe5 a5 50. Qd4 b5 51. Qe5 a4 52. Qf6 Qd5 53. Qc3 Kg8 54. Qc8+ Kg7 55. Qc3+ Kf8 56. Qf6 Ke8 57. g3 Kd7 58. Qc3 Ke6 59. Qe3+ Qe5 60. Qb6+ Ke7 61. Qb7+ Kf6 62. Qf3+ Kg7 63. Qf2 f6 64. Qa7+ Kh6 65. Qf2 g5 66. hxg5+ Kxg5 67. Qd2+ Kg6 68. Qc2+ Kg7 69. Kg2 Kh6 70. Qd2+ Qg5 71. Qd4 Qe5 72. Qd2+ Kg6 73. Qc2+ Qf5 74. Qe2 Qd5+ 75. Kh2 Qe5 76. Qc2+ Kf7 77. Kg2 Ke7 78. Qf2 Ke6 79. Qb6+ Kf5 80. Qf2+ Kg4 81. Qf3+ Kg5 82. Qf2 Qe4+ 83. Kh2 h4 84. Qd2+ Kg6 85. Qf2 Qe5 86. Qc2+ Kg7 87. Kh1 Qe1+ 88. Kg2 Qxg3+ 0-1

[Event "Sydney Open 2019"]
[Site "Sydney"]
[Date "2019.04.27"]
[Round "8.5"]
[White "McClymont, Brodie"]
[Black "Solomon, Stephen J"]
[Result "1/2-1/2"]
[WhiteElo "2360"]
[BlackElo "2338"]
[PlyCount "83"]
[EventDate "2019.04.24"]
[EventType "swiss"]
[EventCountry "AUS"]
[TimeControl "5400+30"]
[WhiteClock "0:25:33"]
[BlackClock "0:29:03"]

1. e4 e5 2. Nf3 Nc6 3. Bb5 a6 4. Ba4 Nf6 5. O-O Be7 6. Re1 b5 7. Bb3 d6 8. c3 O-O 9. h3 Nb8 10. d4 Nbd7 11. Nbd2 Bb7 12. Bc2 Re8 13. Nf1 Bf8 14. Ng3 g6 15. a4 c5 16. d5 c4 17. Bg5 h6 18. Be3 Nc5 19. Qd2 h5 20. Bh6 Bxh6 21. Qxh6 Nh7 22. axb5 axb5 23. Rxa8 Bxa8 24. Ra1 Bb7 25. h4 Qf6 26. Ra5 Ba6 27. Ng5 Qg7 28. Qxg7+ Kxg7 29. Nxh7 Kxh7 30. Kf1 Kg7 31. Ke2 Kf6 32. Ke3 Rb8 33. f3 Rb6 34. Ne2 Bc8 35. g3 Bd7 36. Nc1 b4 37. cxb4 Rxb4 38. Ra2 Ba4 39. Kd2 Bxc2 40. Kxc2 Na4 41. Ne2 g5 42. Ng1 1/2-1/2

[Event "Sydney Open 2019"]
[Site "Sydney"]
[Date "2019.04.27"]
[Round "8.6"]
[White "Johansen, Darryl K"]
[Black "O`Chee, Kevin"]
[Result "1-0"]
[WhiteElo "2364"]
[BlackElo "2146"]
[PlyCount "61"]
[EventDate "2019.04.24"]
[EventType "swiss"]
[EventCountry "AUS"]
[TimeControl "5400+30"]
[WhiteClock "0:00:05"]
[BlackClock "0:00:06"]

1. Nf3 d5 2. c4 e6 3. d4 Nf6 4. Nc3 Be7 5. Bf4 dxc4 6. e3 Nd5 7. Bxc4 Nxf4 8. exf4 Nd7 9. Qe2 Nf6 10. O-O O-O 11. Rfe1 Re8 12. Rad1 c6 13. Ne5 Nd5 14. Qf3 Nxc3 15. bxc3 Bf6 16. f5 Qc7 17. Ng4 Bg5 18. g3 h5 19. Ne5 h4 20. Qh5 Bf6 21. Re4 b5 22. Ng4 Qd8 23. Bb3 hxg3 24. hxg3 a5 25. Rde1 Qe7 26. Nh6+ gxh6 27. Qxh6 Bg7 28. Rg4 f6 29. Rxe6 Bxe6 30. Bxe6+ Kf8 31. Qh8+ 1-0

[Event "Sydney Open 2019"]
[Site "Sydney"]
[Date "2019.04.28"]
[Round "9.1"]
[White "Song, Raymond"]
[Black "Fernandez, Daniel Howard"]
[Result "1/2-1/2"]
[WhiteElo "2329"]
[BlackElo "2467"]
[Annotator "RC"]
[PlyCount "131"]
[EventDate "2019.04.24"]
[EventType "swiss"]
[EventCountry "AUS"]
[TimeControl "5400+30"]
[WhiteClock "0:22:47"]
[BlackClock "0:16:23"]

1. e4 g6 2. d4 Bg7 3. Nc3 a6 4. f4 d6 5. Nf3 Nd7 6. Bd3 c5 7. Be3 b5 8. e5 Bb7 9. Be4 Qc8 10. O-O b4 11. Bxb7 Qxb7 12. Ne2 Nh6 13. c3 O-O 14. h3 bxc3 15. bxc3 Rfd8 16. Qe1 Nb6 17. dxc5 Nc4 18. Ng3 Nxe3 19. Qxe3 Qa7 20. Rfd1 Rac8 21. Rd5 dxc5 22. Rad1 Rxd5 23. Rxd5 e6 24. Rd2 Nf5 25. Nxf5 gxf5 26. g4 fxg4 27. hxg4 Qb7 28. Kg2 Qb1 29. Ng5 Qg6 30. Kf3 h5 31. Qe4 hxg4+ 32. Kxg4 Qxe4 33. Nxe4 Bf8 34. f5 exf5+ 35. Kxf5 Be7 36. c4 Rc6 37. Nf6+ Kf8 38. Rh2 Bxf6 39. exf6 Kg8 40. Rg2+ Kh8 41. Rg7 Rc7 42. Ke4 Rd7 43. Ke5 a5 44. a4 Rb7 45. Rg1 Rd7 46. Rb1 Rd4 47. Rb5 Rxc4 48. Rxa5 Kh7 49. Ra8 Rc1 50. a5 c4 51. Kd4 Kg6 52. a6 Kxf6 53. Rc8 Rd1+ 54. Kc3 Ra1 55. Rc6+ Ke5 56. Kxc4 f5 57. Kb5 f4 58. Rc8 f3 59. Rf8 Ke4 60. Kb6 Ke3 61. a7 f2 62. Re8+ Kd3 63. Rf8 Ke2 64. Re8+ Kd3 65. Rf8 Ke2 66. Re8+ 1/2-1/2

[Event "Sydney Open 2019"]
[Site "Sydney"]
[Date "2019.04.28"]
[Round "9.3"]
[White "Kunte, Abhijit"]
[Black "Johansen, Darryl K"]
[Result "1/2-1/2"]
[WhiteElo "2485"]
[BlackElo "2364"]
[PlyCount "25"]
[EventDate "2019.04.24"]
[EventType "swiss"]
[EventCountry "AUS"]
[TimeControl "5400+30"]
[WhiteClock "0:50:47"]
[BlackClock "0:56:34"]

1. d4 e6 2. Nf3 c5 3. g3 b6 4. Bg2 Bb7 5. dxc5 Bxc5 6. c4 Nf6 7. O-O O-O 8. Nc3 Be7 9. Bf4 Na6 10. Rc1 Nc5 11. Qc2 Qc8 12. Rfd1 Nce4 13. Ne5 1/2-1/2

[Event "Sydney Open 2019"]
[Site "Sydney"]
[Date "2019.04.28"]
[Round "9.5"]
[White "Solomon, Stephen J"]
[Black "Lane, Gary W"]
[Result "1/2-1/2"]
[WhiteElo "2338"]
[BlackElo "2357"]
[PlyCount "97"]
[EventDate "2019.04.24"]
[EventType "swiss"]
[EventCountry "AUS"]
[TimeControl "5400+30"]
[WhiteClock "0:04:45"]
[BlackClock "0:33:07"]

1. d4 d5 2. c4 c6 3. Nf3 Nf6 4. e3 e6 5. Nc3 Nbd7 6. Bd3 Bd6 7. O-O dxc4 8. Bxc4 b5 9. Bd3 O-O 10. a4 b4 11. Ne4 Nxe4 12. Bxe4 Bb7 13. Qe2 a5 14. b3 Nf6 15. Bd3 Nd5 16. Bd2 c5 17. dxc5 Bxc5 18. Rac1 Rc8 19. Rfd1 Bd6 20. Rxc8 Qxc8 21. Bc4 Qa8 22. e4 Nf4 23. Bxf4 Bxf4 24. Ne1 Bc7 25. f3 Rd8 26. g3 h6 27. Rxd8+ Qxd8 28. Qd3 Bb6+ 29. Kg2 Qe7 30. Qf1 Kh8 31. Nd3 Kh7 32. Qe2 Qd6 33. Qb2 Ba7 34. Qe2 g5 35. h3 Bb8 36. Qf2 f6 37. e5 fxe5 38. Nc5 Bc8 39. Qe3 Kg7 40. Bd3 Kf7 41. h4 Ba7 42. Ne4 Qc7 43. Nd6+ Kg8 44. Qxe5 Bb8 45. Ba6 Bd7 46. Bb5 Bc8 47. Ba6 Qxd6 48. Qxd6 Bxd6 49. Bxc8 1/2-1/2

[Event "Sydney Open 2019"]
[Site "Sydney"]
[Date "2019.04.28"]
[Round "9.6"]
[White "Xie, George Wendi"]
[Black "Nakauchi, Gene"]
[Result "1-0"]
[WhiteElo "2359"]
[BlackElo "2221"]
[PlyCount "113"]
[EventDate "2019.04.24"]
[EventType "swiss"]
[EventCountry "AUS"]
[TimeControl "5400+30"]
[WhiteClock "0:02:04"]
[BlackClock "0:11:45"]

1. e4 c5 2. c3 d5 3. exd5 Qxd5 4. d4 Nf6 5. Nf3 e6 6. Be2 Be7 7. O-O Nc6 8. c4 Qf5 9. Nc3 cxd4 10. Nb5 O-O 11. Nfxd4 Nxd4 12. Nxd4 Qa5 13. Qc2 Bd7 14. a3 Qb6 15. Nf3 a5 16. Ne5 Rac8 17. Nxd7 Nxd7 18. Rb1 Ne5 19. Be3 Bc5 20. Bxc5 Qxc5 21. b4 axb4 22. axb4 Qc7 23. Rfc1 Rfd8 24. Qe4 Nc6 25. b5 Nd4 26. c5 Qf4 27. Qd3 e5 28. g3 e4 29. Qc4 Qd2 30. Bg4 e3 31. Kh1 Qxf2 32. Rf1 Qc2 33. Qxf7+ Kh8 34. Qf4 Ra8 35. Rbd1 Qxc5 36. Qxe3 Qxb5 37. Bh3 Qc5 38. Rf4 Ne6 39. Rxd8+ Rxd8 40. Qxe6 b5 41. Bf1 h6 42. Qb3 Qc6+ 43. Qf3 Qc5 44. Rf5 Qc7 45. Bxb5 Qc1+ 46. Bf1 Qc8 47. Kg1 Qb8 48. Rf7 Qd6 49. Qf2 Qb4 50. h3 Kg8 51. Rf4 Qd6 52. Kh2 Qd1 53. Bg2 Qd3 54. Qa2+ Kh8 55. Qf7 Qd6 56. Be4 Rc8 57. Qf5 1-0